 Dungeon Crawl Stone Soup version 0.30-a0-777-ga9a30cbeda (webtiles) character file.

Game seed: 1374635706354160480

76 Dirtsage the Chopper (level 4, 0/35 HPs)
             Began as a Demonspawn Fighter on Feb 14, 2023.
             Killed from afar by Ijyb (5 damage)
             ... with a bolt of light
             ... on level 3 of the Dungeon.
             The game lasted 00:03:32 (1665 turns).

Dirtsage the Chopper (Demonspawn Fighter)           Turns: 1665, Time: 00:03:32

Health: 0/35       AC:  6    Str: 18    XL:     4   Next: 12%
Magic:  4/4        EV:  9    Int:  9    God:
Gold:   133        SH:  0    Dex: 13    Spells: 3/3 levels left

rFire   . . .      SeeInvis .    a - +0 war axe
rCold   . . .      Faith    .    c - +0 buckler
rNeg    . . .      Spirit   .    b - +0 scale mail
rPois   .          Reflect  .    (no helmet)
rElec   .          Harm     .    (no cloak)
rCorr   .          Rampage  .    (no gloves)
Will    .....                    (no boots) Stlth
                                 (no amulet)
HPRegen 0.25/turn                (no ring)
MPRegen 0.09/turn                (no ring)

@: confused
A: condensation shield, demonic magic 1
a: no special abilities


You were on level 3 of the Dungeon.
You visited 1 branch of the dungeon, and saw 3 of its levels.

You collected 133 gold pieces.

Inventory:

Hand Weapons
 a - a +0 war axe (weapon)
Armour
 b - a +0 scale mail (worn)
 c - a +0 buckler (worn)
Scrolls
 f - 2 scrolls of vulnerability {unknown}
 g - a scroll of enchant weapon {unknown}
 i - a scroll of fear {unknown}
 l - a scroll of torment {unknown}
 m - a scroll of enchant armour {unknown}
 o - a scroll of teleportation {unknown}
 u - a scroll of noise {unknown}
Potions
 d - 2 potions of might
 e - a potion of berserk rage {unknown}
 h - a potion of curing {unknown}
 j - a potion of brilliance {unknown}
 k - 2 potions of attraction {unknown}
 n - a potion of mutation {unknown}
 p - a potion of cancellation {unknown}
 q - a potion of invisibility {unknown}
 r - 2 potions of heal wounds {unknown}
 s - a potion of flight {unknown}
 t - a potion of degeneration {unknown}


   Skills:
 - Level 3.0 Fighting
 + Level 4.0 Axes
 - Level 2.6 Armour
 - Level 2.6 Shields


You had 3 spell levels left.
You didn't know any spells.
Your spell library contained the following spells:

 Spells                   Type           Power      Damage    Failure   Level
 Call Canine Familiar     Summ           0%         N/A       99%         3
 Portal Projectile        Hex/Tloc       0%         N/A       99%         3
 Leda's Liquefaction      Hex/Erth       0%         N/A       100%        4


Dungeon Overview and Level Annotations

Branches:
Dungeon (3/15)

Altars:

Annotations:
D:3 Ijyb


Innate Abilities, Weirdness & Mutations

A meltable shield of frost defends you. (SH +4)
Spells you cast may paralyse adjacent enemies.


Message History

You now have 133 gold pieces (gained 11).
You see here a +0 dagger.
You see here 7 stones.
There is a stone staircase leading down here.
t - a golden potion Done exploring.
Done exploring.
There is a stone staircase leading down here.
You climb downwards.
There is a stone staircase leading up here.
u - a scroll labelled ILIHAPH HAURHE Ijyb the Twisted Goblin comes into view.
She is wielding a +7 club and carrying a wand of light (6).
Ijyb shouts!
A goblin comes into view. It is wielding a +0 dagger.
The goblin shouts!
You block Ijyb's attack. Ijyb attacks as you move away!
Ijyb hits you with a +7 club.
You take 2 damage, and have 33/35 hp.
You hit Ijyb.
Ijyb is lightly wounded.
Ijyb hits you with a +7 club.
You take 5 damage, and have 28/35 hp.
You slash Ijyb!
Ijyb is heavily wounded.
You hit the goblin.
You kill the goblin!
Ijyb zaps a wand.
The bolt of light hits you!
You are confused.
You take 8 damage, and have 20/35 hp.
MASSIVE DAMAGE!!
You are too injured to fight recklessly!
You are too injured to fight recklessly!
You are too injured to fight recklessly!
You are too injured to fight recklessly!
Ijyb zaps a wand.
The bolt of light hits you!
You are more confused.
* * * LOW HITPOINT WARNING * * *
You take 16 damage, and have 4/35 hp.
MASSIVE DAMAGE!!
You're too confused to move!
Ijyb zaps a wand.
The bolt of light misses you.
You're too confused to move!
Ijyb zaps a wand.
The bolt of light hits you.
You die...

....# #....#### ...
#........
....#######........
...........#...?....
#............#........
#..............?......
#.........$...g.......
#............@.....##
#.............)....#
###..................#
........................
##.<....###......###
#....### #......# #....#
#......# #....# ###.....
#....# ....


You could see Ijyb.

Vanquished Creatures
  2 adders (D:2)
  2 worms (D:2)
  3 dart slugs
  3 bats (D:1)
  4 endoplasms
  4 giant cockroaches
  6 goblins
  4 hobgoblins
  2 quokkas (D:1)
  3 ball pythons
  2 frilled lizards (D:1)
  4 kobolds
  3 rats
42 creatures vanquished.

Notes
Turn   | Place    | Note
-------+----------+-------------------------------------------
     0 | D:1      | Dirtsage the Demonspawn Fighter began the quest for the
                  | Orb.
     0 | D:1      | Reached XP level 1. HP: 18/18 MP: 1/1
    41 | D:1      | Reached skill level 2 in Axes
   190 | D:1      | Gained mutation: A meltable shield of frost defends you.
                  | (SH +4) [demonic ancestry]
   190 | D:1      | Reached XP level 2. HP: 21/24 MP: 2/2
   514 | D:1      | Reached skill level 3 in Axes
   603 | D:1      | Reached XP level 3. HP: 29/29 MP: 3/3
  1007 | D:2      | Identified the +1 robe of the World {rElec rPois rCorr
                  | Int-4}
  1230 | D:2      | Gained mutation: Spells you cast may paralyse adjacent
                  | enemies. [demonic ancestry]
  1230 | D:2      | Reached XP level 4. HP: 35/35 MP: 4/4
  1249 | D:2      | Reached skill level 4 in Axes
  1656 | D:3      | Noticed Ijyb
  1665 | D:3      | Killed from afar by Ijyb

Illustrated notes

Levels and vault maps discovered:
D:1:      tarquinn_simple_flora_water_f, layout_basic
D:2:      layout_loops_ring
D:3:      cheibrodos_thug_alley, layout_basic, nemelex_dance_club_becter,
          minmay_crystal_room, minmay_ruptured, uniq_ijyb

Skill      XL: |  1  2  3  4 |
---------------+-------------+-----
Axes           | 2 3 4 |  4.0
Fighting       | |  3.0
Armour         | |  2.6
Shields        | |  2.6

Action                     |  1- 3 |  4- 6 || total
---------------------------+-------+-------++-------
  Melee: War axe           |   112 |    13 ||   125
 Armour: Scale mail        |    32 |     5 ||    37
  Dodge: Dodged            |    41 |     3 ||    44
  Block: Buckler           |    45 |     5 ||    50

Table legend: (Time is in decaauts)
 A = Elapsed time spent in this place.
 B = Non-inter-level travel time spent in this place.
 C = Inter-level travel time spent in this place.
 D = Time resting spent in this place.
 E = Time spent auto-exploring this place.
 F = Levels seen in this place.
 G = Mean time per level.
                   A        B        C        D        E       F      G
               +--------+--------+--------+--------+--------+-----+--------+
         Total |   1713 |   1591 |    122 |      0 |   1288 |   3 |  571.0 |
       Dungeon |   1713 |   1591 |    122 |      0 |   1288 |   3 |  571.0 |
               +--------+--------+--------+--------+--------+-----+--------+

Top non-repeatable levels by time:
     D:1: 925 daAuts
     D:2: 767 daAuts
     D:3: 20 daAuts
